 Dungeon Crawl Stone Soup version 0.21.1-1-g345015f (webtiles) character file.

46 Flooderbenga the Grave Robber (level 3, -1/25 HPs)
             Began as a Gnoll Necromancer on Apr 9, 2018.
             Slain by a quokka (3 damage)
             ... on level 4 of the Dungeon.
             The game lasted 00:03:48 (306 turns).

Flooderbenga the Grave Robber (Gnoll Necromancer)    Turns: 306, Time: 00:03:49

Health: -1/25      AC:  3    Str: 10    XL:     3   Next: 68%
Magic:  0/9        EV: 14    Int: 18    God:
Gold:   84         SH:  0    Dex: 15    Spells: 10/12 levels left

rFire    . . .     SeeInvis .   (no weapon)
rCold    . . .     Gourm    .   (no shield)
rNeg     . . .     Faith    .   a - +0 robe
rPois    .         Spirit   .   d - +0 helmet
rElec    .         Reflect  .   (no cloak)
rCorr    .         Harm     .   (no gloves)
MR       .....                  (no boots)
Stlth    +++.......             (no amulet)
HPRegen  0.08/turn              (no ring)
MPRegen  0.11/turn              (no ring)

@: no status effects
A: distributed training, fangs 1, strong nose
a: no special abilities


You were on level 4 of the Dungeon.
You were not hungry.

You visited 1 branch of the dungeon, and saw 4 of its levels.

You collected 84 gold pieces.

Inventory:

Armour
 a - a +0 robe (worn)
 d - a +0 helmet (worn)
Scrolls
 f - 2 scrolls of identify {unknown}
 g - a scroll of teleportation {unknown}
 h - a scroll of remove curse {unknown}
 j - a scroll of magic mapping {unknown}
Potions
 e - a potion of curing {unknown}
 i - a potion of agility {unknown}
Books
 b - a book of Necromancy

   Spells                             Type                      Level
   a - Pain                           Necromancy                   1
   b - Animate Skeleton               Necromancy                   1
   c - Vampiric Draining              Necromancy                   3
   d - Regeneration                   Charms/Necromancy            3
   e - Animate Dead                   Necromancy                   4
   f - Borgnjor's Vile Clutch         Necromancy/Earth             5
Comestibles
 c - 2 rations


   Skills:
 + Level 0.9 Fighting
 + Level 0.9 Short Blades
 + Level 0.9 Long Blades
 + Level 0.9 Axes
 + Level 0.9 Maces & Flails
 + Level 0.9 Polearms
 + Level 0.9 Staves
 + Level 0.9 Slings
 + Level 0.9 Bows
 + Level 0.9 Crossbows
 + Level 0.9 Throwing
 + Level 0.9 Armour
 + Level 4.5 Dodging
 + Level 4.2 Stealth
 + Level 0.9 Shields
 + Level 0.9 Unarmed Combat
 + Level 5.0 Spellcasting
 + Level 0.6 Conjurations
 + Level 0.6 Hexes
 + Level 0.6 Charms
 + Level 0.6 Summonings
 + Level 7.1 Necromancy
 + Level 0.6 Translocations
 + Level 0.6 Transmutations
 + Level 0.6 Fire Magic
 + Level 0.6 Ice Magic
 + Level 0.6 Air Magic
 + Level 0.6 Earth Magic
 + Level 0.6 Poison Magic
 + Level 1.0 Invocations
 + Level 0.9 Evocations


You had 10 spell levels left.
You knew the following spells:

 Your Spells              Type           Power        Failure   Level  Hunger
a - Pain                  Necr           ####         1%          1    None
z - Animate Skeleton      Necr           N/A          1%          1    None


Dungeon Overview and Level Annotations

Branches:
Dungeon (4/15)
 Temple: D:4-7

Altars:
Okawaru


Innate Abilities, Weirdness & Mutations

Your experience applies equally to all skills.
You have very sharp teeth.
Your uncanny sense of smell can sniff out nearby items.


Message History

The iguana barely resists.
The quokka closely misses you.
You take 1 damage, and have 5/20 hp.
You now have 3/7 mp.
Aim: an iguana (severely wounded, chance to defeat MR: 89%)
The iguana writhes in agony!
The quokka barely misses you.
You take 1 damage, and have 4/20 hp.
You now have 2/7 mp.
Aim: an iguana (almost dead, chance to defeat MR: 89%)
The iguana writhes in agony!
You kill the iguana!
Your Spellcasting skill increases to level 5!
Your Invocations skill increases to level 1!
You have reached level 3!
Your experience leads to an increase in your attributes!
Increase (S)trength, (I)ntelligence, or (D)exterity?
You feel clever. The quokka bites you.
* * * LOW HITPOINT WARNING * * *
You take 1 damage, and have 3/25 hp.
You now have 1/9 mp.
Aim: a quokka (chance to defeat MR: 93%)
The quokka barely resists.
The quokka bites you.
You die...

#...........##
#.###........## #.
#..........## #
#......†.?..#
###.##............
#...............#
#............$..#
#.....#.........#.
#.....#...@r......
#####............#
#.............
#...........#.
.......!.?...#
..............#
...##..........#
.# ##......##..


You could see a quokka.

Vanquished Creatures
  An iguana (D:4)
  A dart slug (D:2)
  An orc (D:3)
  2 giant cockroaches
  3 goblins
  2 hobgoblins
  2 quokkas
  2 bats (D:1)
14 creatures vanquished.

Notes
Turn   | Place    | Note
-------+----------+-------------------------------------------
     0 | D:1      | Flooderbenga the Gnoll Necromancer began the quest for the Orb.
     0 | D:1      | Reached XP level 1. HP: 13/13 MP: 6/6
   117 | D:1      | Reached XP level 2. HP: 12/19 MP: 3/7
   125 | D:1      | Learned a level 1 spell: Animate Skeleton
   146 | D:2      | Found an iron altar of Okawaru.
   305 | D:4      | Reached skill level 5 in Spellcasting
   305 | D:4      | Reached skill level 1 in Invocations
   305 | D:4      | Reached XP level 3. HP: 5/25 MP: 1/9
   306 | D:4      | Slain by a quokka

Skill      XL: |  1  2 |
---------------+-------+-----
Spellcasting   | 5 |  5.0
Invocations    | 1 |  1.0
Fighting       | |  0.9
Short Blades   | |  0.9
Long Blades    | |  0.9
Axes           | |  0.9
Maces & Flails | |  0.9
Polearms       | |  0.9
Staves         | |  0.9
Slings         | |  0.9
Bows           | |  0.9
Crossbows      | |  0.9
Throwing       | |  0.9
Armour         | |  0.9
Dodging        | |  4.5
Stealth        | |  4.2
Shields        | |  0.9
Unarmed Combat | |  0.9
Conjurations   | |  0.6
Hexes          | |  0.6
Charms         | |  0.6
Summonings     | |  0.6
Necromancy     | |  7.1
Translocations | |  0.6
Transmutations | |  0.6
Fire Magic     | |  0.6
Ice Magic      | |  0.6
Air Magic      | |  0.6
Earth Magic    | |  0.6
Poison Magic   | |  0.6
Evocations     | |  0.9

Action                   || total
-------------------------++-------
Melee: Unarmed           ||     2
 Cast: Pain              ||    26
 Stab: Sleeping          ||     1
Armor: Robe              ||     1
Dodge: Dodged            ||     5
